 Dungeon Crawl Stone Soup version 0.26.1-11-gd32895ea62 (webtiles) character file.

Game seed: 18419540386514747969

13965 DildoBatman the Artisan of Death (level 12, -3/85 (86) HPs)
             Began as a Formicid Conjurer on July 18, 2021.
             Was a Priest of Kikubaaqudgha.
             Slain by a seven-headed hydra (6 damage)
             ... on level 12 of the Dungeon.
             The game lasted 01:08:25 (15666 turns).

DildoBatman the Artisan of Death (FoCj)            Turns: 15666, Time: 01:08:25

HP:   -3/85 (86)    AC:  6    Str: 12    XL:     12   Next: 39%
MP:   11/22         EV: 13    Int: 19    God:    Kikubaaqudgha [***...]
Gold: 862           SH:  5    Dex: 13    Spells: 2/25 levels left

rFire    + . .     SeeInvis +   a - +7 great sword
rCold    + . .     Faith    .   i - +1 buckler
rNeg     + . .     Spirit   .   y - +2 robe {rC+ rF+}
rPois    .         Reflect  .   (helmet unavailable)
rElec    .         Harm     .   D - +0 cloak
rCorr    .         Rampage  .   T - +0 pair of gloves
Will     ++...                  (no boots)
Stlth    ++........             g - amulet of the acrobat
HPRegen  0.24/turn              A - ring of positive energy
MPRegen  0.18/turn              C - ring of willpower

@: lightly drained
A: permanent stasis, dig shafts and tunnels, four strong arms, antennae 3
a: Dig, Shaft Self, Renounce Religion, Receive Corpses


You were on level 12 of the Dungeon.
You worshipped Kikubaaqudgha.
Kikubaaqudgha was most pleased with you.
You visited 2 branches of the dungeon, and saw 12 of its levels.
You also visited: Sewer.

You collected 892 gold pieces.
You spent 30 gold pieces at shops.

Inventory:

Hand Weapons
 a - a +7 great sword (weapon)
 b - a +4 scimitar of flaming
 c - a +0 shortbow
 e - a +2 glaive of venom
Missiles
 f - 107 arrows
 h - 59 poisoned darts
 j - 227 stones
 p - 5 boomerangs of dispersal
 G - 16 boomerangs
 J - 39 sling bullets
 Q - 28 bolts
Armour
 i - a +1 buckler (worn)
 y - a +2 robe of resistance (worn)
 D - a +0 cloak (worn)
 T - a +0 pair of gloves (worn)
Jewellery
 d - an uncursed ring of ice
 g - an amulet of the acrobat (around neck)
 A - a ring of positive energy (left hand)
 B - an uncursed ring of resist corrosion
 C - a ring of willpower (right hand)
 U - the ring "Vietsob" {rC- Will- Int+10 Dex+6 Stlth+}
   (You found it on level 10 of the Dungeon)

   [ring of dexterity]

   It affects your intelligence (+10).
   It affects your dexterity (+6).
   It makes you vulnerable to cold.
   It affects your willpower, your defense against some magical effects.
   It makes you more stealthy.
Wands
 u - a wand of acid (18)
 v - a wand of paralysis (14)
 I - a wand of iceblast (15)
 S - a wand of flame (36)
Scrolls
 o - 3 scrolls of fog
 x - 5 scrolls of remove curse
 E - a scroll of holy word
 H - 5 scrolls of amnesia
 K - a scroll of enchant armour
 M - 2 scrolls of immolation
 N - a scroll of enchant weapon
Potions
 k - 3 potions of flight
 l - 7 potions of heal wounds {unknown}
 m - 3 potions of degeneration {unknown}
 n - a potion of attraction {unknown}
 q - a potion of lignification {unknown}
 r - a potion of brilliance {unknown}
 s - 2 potions of resistance {unknown}
 t - a potion of cancellation {unknown}
 w - a potion of might {unknown}
 F - 3 potions of curing
 L - a potion of berserk rage {unknown}
 O - 5 potions of mutation {unknown}


   Skills:
 - Level 5.0 Fighting
 - Level 5.0 Armour
 - Level 3.0 Dodging
 - Level 2.4 Stealth
 - Level 3.0 Shields
 - Level 7.0 Spellcasting
 - Level 6.0 Conjurations
 - Level 10.9 Necromancy
 - Level 6.0 Fire Magic
 - Level 5.0 Air Magic
 * Level 7.3 Earth Magic
 - Level 4.0 Poison Magic


You had 2 spell levels left.
You knew the following spells:

 Your Spells              Type           Power        Failure   Level
a - Borgnjor's Vile Clut  Necr/Erth      20%          7%          5
b - Conjure Flame         Conj/Fire      29%          2%          3
c - Searing Ray           Conj           58%          1%          2
d - Vampiric Draining     Necr           24%          1%          3
e - Mephitic Cloud        Conj/Pois/Air  25%          3%          3
g - Magic Dart            Conj           100%         1%          1
h - Dispel Undead         Necr           48%          1%          4
z - Sublimation of Blood  Necr           24%          1%          2

Your spell library contained the following spells:

 Spells                   Type           Power        Failure   Level
 Animate Skeleton         Necr           96%          1%          1
 Pain                     Necr           100%         1%          1
 Shock                    Conj/Air       100%         1%          1
 Apportation              Tloc           12%          10%         1
 Corona                   Hex            6%           10%         1
 Summon Small Mammal      Summ           24%          10%         1
 Call Imp                 Summ           6%           16%         2
 Slow                     Hex            6%           16%         2
 Animate Dead             Necr           24%          1%          4
 Static Discharge         Conj/Air       27%          3%          3
 Agony                    Necr           48%          3%          5
 Excruciating Wounds      Necr           24%          3%          5
 Dazzling Flash           Conj/Hex       36%          9%          3
 Airstrike                Air            12%          13%         4
 Fulminant Prism          Conj/Hex       9%           28%         4
 Iskenderun's Mystic Bla  Conj/Tloc      18%          28%         4
 Lightning Bolt           Conj/Air       13%          28%         5
 Swiftness                Air            Unusable     N/A         2
 Blink                    Tloc           Unusable     N/A         2

Dungeon Overview and Level Annotations

Branches:
Dungeon (10/15)            Temple (1/1) D:6            Lair (0/6) D:9
    Orc (0/2) D:12          Sewer (visited)

Altars:
Ashenzari
Cheibriados
Dithmenos
Elyvilon
Fedhas
Gozag
Hepliaklqana
Kikubaaqudgha
Makhleb
Nemelex Xobeh
Okawaru
Qazlal
Ru
Sif Muna
Trog
Uskayaw
Vehumet
Wu Jian
Xom
Yredelemnul
Zin
The Shining One

Shops:
D:6 !


Innate Abilities, Weirdness & Mutations

You cannot be hasted, slowed, berserked, paralysed or teleported.
You can dig through walls and to a lower floor.
Your four strong arms can wield two-handed weapons with a shield.
You have a pair of large antennae on your head. (SInv)


Message History

What are your orders? t - Shout!
Orders for allies: a - Attack new target. r - Retreat! s - Stop attacking. g - Guard the area. f - Follow me.
Anything else - Cancel.
You shout for attention!
The centaur shoots an arrow.
You block the arrow. The big kobold barely misses you.
The centaur shoots an arrow.
You block the arrow.
The centaur shoots an arrow.
The arrow hits you!
The centaur hits you but does no damage.
The adder misses you. The seven-headed hydra bites you!
The seven-headed hydra bites you. x2
You die...
Kikubaaqudgha rasps: "You have failed me!
Welcome... death!"

#<.......#######
####........{.{.S..
#.......{{{{{######
#. ##zK{.....# #.
#K..#####.#
#.##G#.......# #...
#.!..####
##SK###.#((...#
#.c@DzB((..$.#..#
###.###>.........
.ccc...##.#...##
....c...[# .#.....
#.......).+ .# ..#.
#.........# ## ##
#..........
#.........##


You could see a seven-headed hydra, an eye of draining, a soldier ant, a big
kobold, 5 centaurs, 2 wights, an adder and 2 kobolds.

Vanquished Creatures
  Fannar (D:10)
  Erica (D:10)
  4 two-headed ogres
  Nergalle (D:10)
  An orc knight (D:9)
  2 ugly things
  A cyclops (D:12)
  A meliai zombie (D:10)
  A slime creature (D:9)
  Prince Ribbit (D:4)
  A vampire (D:7)
  7 yaks
  A warg (D:9)
  3 vampire mosquitoes (D:12)
  A warg (shapeshifter) (D:9)
  Duvessa (D:7)
  A water moccasin (D:9)
  A water moccasin (shapeshifter) (D:9)
  10 orc warriors
  3 sky beasts
  2 phantoms
  3 ice beasts
  4 ogres
  A black bear (D:9)
  A centaur (D:4)
  4 big kobolds
  8 bullfrogs
  Dowan (D:7)
  A water moccasin skeleton (D:4)
  4 scorpions
  4 wights (D:12)
  2 howler monkeys
  A bullfrog zombie (D:7)
  A jelly (D:9)
  2 centaur zombies
  7 orc priests
  7 hounds
  4 iguanas
  13 orc wizards
  Crazy Yiuf (D:5)
  Jessica (D:2)
  Terence (D:2)
  Ijyb (D:5)
  7 worker ants
  3 hound skeletons
  2 worker ant zombies
  11 adders
  10 gnolls
  3 howler monkey skeletons
  5 white imps
  4 oozes
  3 ufetubi
  2 adder skeletons
  7 worms
  2 dart slugs
  3 leopard geckos
  48 orcs
  7 giant cockroaches
  5 goblins
  8 hobgoblins
  16 jackals
  3 quokkas
  3 ball pythons
  15 bats
  9 frilled lizards
  20 kobolds
  12 rats
325 creatures vanquished.

Vanquished Creatures (collateral kills)
  5 orc wizards (D:9)
5 creatures vanquished.

Vanquished Creatures (others)
  25 fungi
  21 plants
46 creatures vanquished.

Grand Total: 376 creatures vanquished

Notes
Turn   | Place    | Note
-------+----------+-------------------------------------------
     0 | D:1      | DildoBatman the Formicid Conjurer began the quest for the
                  | Orb.
     0 | D:1      | Reached XP level 1. HP: 13/13 MP: 3/3
   384 | D:1      | Reached XP level 2. HP: 19/19 MP: 1/5
   414 | D:1      | Learned a level 2 spell: Searing Ray
   892 | D:2      | Noticed Terence
   975 | D:2      | Reached XP level 3. HP: 20/24 MP: 0/6
  1176 | D:2      | Found a blossoming altar of Fedhas.
  1292 | D:2      | Reached XP level 4. HP: 26/30 MP: 1/7
  1475 | D:2      | Reached skill level 1 in Shields
  1547 | D:2      | Reached skill level 5 in Conjurations
  1783 | D:2      | Found an opulent altar of Gozag.
  2302 | D:3      | Noticed a phantom
  2401 | D:3      | Reached XP level 5. HP: 35/35 MP: 3/8
  2608 | D:3      | Noticed Jessica
  2817 | D:3      | Learned a level 3 spell: Conjure Flame
  3186 | D:4      | Reached skill level 1 in Fighting
  3186 | D:4      | Reached skill level 1 in Armour
  3186 | D:4      | Reached XP level 6. HP: 27/43 MP: 3/9
  3225 | D:4      | Reached skill level 1 in Fire Magic
  3254 | D:4      | Learned a level 3 spell: Mephitic Cloud
  3414 | D:4      | Found a glowing drain.
  3430 | Sewer    | Entered a sewer
  4197 | D:4      | Reached skill level 1 in Poison Magic
  4197 | D:4      | Reached XP level 7. HP: 49/49 MP: 4/11
  4368 | D:5      | Entered Level 5 of the Dungeon
  4413 | D:5      | Found a broken altar of Ashenzari.
  4419 | D:5      | Found an iron altar of Okawaru.
  4420 | D:5      | Found an ornate altar of the Wu Jian Council.
  4420 | D:5      | Found a shadowy altar of Dithmenos.
  4422 | D:5      | Found a stormy altar of Qazlal.
  4423 | D:5      | Found a glowing silver altar of Zin.
  4424 | D:5      | Found a basalt altar of Yredelemnul.
  4629 | D:5      | Reached skill level 1 in Air Magic
  4772 | D:5      | Noticed Ijyb
  5607 | D:5      | Found a runed translucent door.
  5608 | D:5      | Noticed Crazy Yiuf
  6238 | D:6      | You fall into a shaft and drop 1 floor!
  6244 | D:7      | Reached XP level 8. HP: 56/56 MP: 2/13
  6896 | D:7      | Noticed Dowan
  7332 | D:6      | Found a staircase to the Ecumenical Temple.
  7340 | Temple   | Entered the Ecumenical Temple
  7761 | D:6      | Reached XP level 9. HP: 53/61 MP: 9/16
  7887 | D:6      | Found Wuriket's Distillery.
  7892 | D:6      | Bought a potion of curing for 30 gold pieces
  8288 | D:5      | Noticed Prince Ribbit
  8756 | D:7      | Reached skill level 5 in Spellcasting
  8847 | D:7      | Noticed Duvessa
  9241 | D:8      | Found a burning altar of Makhleb.
  9348 | D:8      | Found a glowing golden altar of the Shining One.
  9473 | D:8      | Noticed a two-headed ogre
  9699 | D:8      | Found a hazy altar of Hepliaklqana.
  9719 | D:8      | Reached skill level 5 in Fire Magic
 10040 | D:9      | Noticed a two-headed ogre
 10638 | D:9      | Found an ancient bone altar of Kikubaaqudgha.
 10644 | D:9      | Became a worshipper of Kikubaaqudgha
 10651 | D:9      | Found a shimmering blue altar of Sif Muna.
 10659 | D:9      | Identified Sif Muna's Disquisition on Slavery
 10670 | D:9      | Found a radiant altar of Vehumet.
 10724 | D:9      | Found a staircase to the Lair.
 10915 | D:9      | Reached XP level 10. HP: 54/67 MP: 15/20
 10951 | D:9      | Killed a two-headed ogre
 10952 | D:9      | Reached skill level 5 in Air Magic
 10952 | D:9      | Reached skill level 4 in Necromancy
 10981 | D:9      | Reached skill level 5 in Necromancy
 11017 | D:9      | Noticed a purple ugly thing
 11047 | D:8      | Reached * piety under Kikubaaqudgha
 11047 | D:8      | Identified Kikubaaqudgha's Tome of Stolen Souls
                  | (Kikubaaqudgha gifted it to you on level 8 of the Dungeon)
 11047 | D:8      | Received a gift from Kikubaaqudgha
 11052 | D:8      | Learned a level 2 spell: Sublimation of Blood
 11056 | D:8      | Learned a level 3 spell: Vampiric Draining
 11268 | D:8      | Killed a two-headed ogre
 11269 | D:8      | Reached skill level 6 in Necromancy
 11404 | D:7      | Reached skill level 7 in Necromancy
 11532 | D:7      | Killed Duvessa
 11533 | D:7      | Killed Dowan
 11929 | D:7      | Reached skill level 8 in Necromancy
 12173 | D:5      | Killed Ijyb
 12365 | D:5      | Killed Crazy Yiuf
 12419 | D:5      | Reached XP level 11. HP: 68/72 MP: 19/21
 12544 | D:5      | Reached ** piety under Kikubaaqudgha
 12641 | D:4      | Killed Prince Ribbit
 12682 | D:2      | Killed Jessica
 12714 | D:2      | Killed Terence
 12715 | D:2      | Reached skill level 9 in Necromancy
 13007 | D:9      | Killed a purple ugly thing
 13240 | D:9      | Noticed a two-headed ogre
 13270 | D:9      | Killed a two-headed ogre
 13353 | D:9      | Noticed a glowing orange brain
 13715 | D:9      | Reached skill level 5 in Armour
 13739 | D:9      | Reached skill level 5 in Fighting
 13768 | D:9      | Noticed an orc knight
 13783 | D:9      | Killed an orc knight
 14092 | D:10     | Entered Level 10 of the Dungeon
 14092 | D:10     | Noticed Erica
 14115 | D:10     | Killed Erica
 14139 | D:10     | Noticed Fannar
 14176 | D:10     | Reached skill level 10 in Necromancy
 14306 | D:10     | Got a wavering glass ring
 14308 | D:10     | Identified the ring "Vietsob" {rC- Will- Int+10 Dex+6
                  | Stlth+} (You found it on level 10 of the Dungeon)
 14494 | D:10     | Noticed a two-headed ogre
 14554 | D:10     | Killed a two-headed ogre
 14555 | D:10     | Reached XP level 12. HP: 34/86 MP: 20/22
 14607 | D:10     | Noticed Nergalle
 14628 | D:10     | Reached *** piety under Kikubaaqudgha
 14628 | D:10     | Identified Kikubaaqudgha's Grimoire of Dark Rites
                  | (Kikubaaqudgha gifted it to you on level 10 of the Dungeon)
 14628 | D:10     | Received a gift from Kikubaaqudgha
 14635 | D:10     | Learned a level 4 spell: Dispel Undead
 14641 | D:10     | Learned a level 5 spell: Borgnjor's Vile Clutch
 14686 | D:10     | Killed Nergalle
 14833 | D:10     | Killed Fannar
 15291 | D:10     | You fall into a shaft and drop 2 floors!
 15315 | D:12     | Found a staircase to the Orcish Mines.
 15319 | D:12     | Reached skill level 5 in Earth Magic
 15516 | D:12     | Noticed a seven-headed hydra
 15654 | D:12     | Found a gate leading to a gauntlet.
 15666 | D:12     | HP: 3/85 [seven-headed hydra (3)]
 15666 | D:12     | Slain by a seven-headed hydra

Illustrated notes

Levels and vault maps discovered:
D:1:      mrwooster_arrival_statue, layout_basic
D:2:      layout_basic, fedhas_altar_1, marbit_many_paths, bh_walls_and_bars,
          uniq_terence
D:3:      layout_loops_cross, uniq_jessica
D:4:      layout_rooms, portal_sewer_entry_d
D:5:      minmay_angry_zag, layout_layer_cave, minitemple, uniq_prince_ribbit1,
          uniq_crazy_yiuf_cottage, uniq_ijyb
D:6:      layout_loops_ring, minmay_temple_entry_large_hall, serial_shops,
          kennysheep_little_box, minmay_stone_trees_small
D:7:      layout_basic, serial_park_tiny_pond, minivault_23, uniq_duvessa
D:8:      layout_cave_pools, nzn_hepliaklqana_mist_gate, nzn_life_drinkers
D:9:      minmay_the_grid_plus_closed [minmay_the_grid_rooms,
          minmay_the_grid_odd_star, minmay_the_grid_all_tris,
          minmay_the_grid_armoury, minmay_the_grid_prize_big_room],
          layout_rooms, palyth_temple_overflow_mages,
          grunt_lair_entry_orc_guard_hut, mrwooster_statue_mirror,
          minmay_misc_feat_chi, serial_park_tiny_pond
D:10:     layout_stronghold, uniq_fannar, uniq_nergalle, uniq_erica
D:12:     layout_basic, orc_0_dummy, gauntlet_entry_generic,
          minmay_large_rounded_square, fountainhead
Temple:   jpeg_temple_island

Skill      XL: |  1  2  3  4  5  6  7  8  9 10 11 12 |
---------------+-------------------------------------+-----
Conjurations   | 4 5 6 |  6.0
Shields        | 2 3 |  3.0
Fighting       | 1 2 5 |  5.0
Armour         | 1 2 5 |  5.0
Fire Magic     | 1 2 4 6 |  6.0
Poison Magic   | 1 2 4 |  4.0
Spellcasting   | 3 4 6 7 |  7.0
Air Magic      | 1 3 4 5 |  5.0
Necromancy     | 8 10 | 10.9
Dodging        | 3 |  3.0
Earth Magic    | 7 |  7.3
Stealth        | |  2.4

Action                   |  1- 3 |  4- 6 |  7- 9 | 10-12 || total
-------------------------+-------+-------+-------+-------++-------
Melee: Club              |    23 |    20 |       |       ||    43
       Unarmed           |     2 |       |       |       ||     2
       Halberd           |       |    12 |    28 |     3 ||    43
       Dagger            |       |       |    89 |    43 ||   132
       Glaive            |       |       |       |   202 ||   202
       Great sword       |       |       |       |     5 ||     5
 Fire: Shortbow          |       |     9 |       |    14 ||    23
 Cast: Magic Dart        |    19 |    17 |    27 |     5 ||    68
       Searing Ray       |    11 |    36 |    68 |    19 ||   134
       Mephitic Cloud    |       |     1 |    14 |    31 ||    46
       Conjure Flame     |       |       |     8 |    36 ||    44
       Vampiric Draining |       |       |       |    32 ||    32
       Sublimation of Bl |       |       |       |     8 ||     8
       Dispel Undead     |       |       |       |     8 ||     8
 Abil: Dig               |     3 |    26 |    50 |    49 ||   128
  Use: Scroll            |       |     7 |     3 |     3 ||    13
       Potion            |       |     1 |     1 |       ||     2
 Stab: Sleeping          |     1 |     6 |       |     1 ||     8
       Confused          |       |       |     3 |    11 ||    14
Armor: Robe              |    13 |    10 |    42 |    40 ||   105
Dodge: Dodged            |    16 |    38 |   128 |   183 ||   365
Block: Buckler           |       |     8 |    67 |    77 ||   152
       Rpst.: Great sword |       |       |       |    12 ||    12
